Map: Ancient Cistern LE

Players

winzboy

  • Race: Protoss Protoss
  • League: Gold
  • Spawn Location: 7:00

翻斗花园牛爷爷 - Winner!

  • Race: Terran Terran
  • Spawn Location: 1:00

VOD

Have the link to the VOD?

Description

Time

  • Played on: May 23, 2023, 3:55 a.m.
  • Length: 6:07
Show
View Real Time Build Order
Export as new Build Order

winzboy Protoss 

Build Orders: 1 Gate Expand 

Get SALT Encoding   

  12  0:02  Probe  
  13  0:25  Pylon  
  13  0:28  Probe  
  14  0:40  Probe (Chrono Boost)  
  15  0:51  Assimilator  
  15  0:52  Probe (Chrono Boost), Gateway  
  16  0:58  Probe (Chrono Boost)  
  17  1:06  Probe  
  19  1:18  Probe  
  19  1:30  Probe  
  20  1:36  Nexus  
  20  1:42  Probe  
  21  1:59  Cybernetics Core  
  21  2:08  Assimilator  
  21  2:12  Probe  
  22  2:23  Pylon  
  22  2:25  Probe  
  23  2:31  Warp Gate (Chrono Boost)  
  23  2:32  Stalker  
  23  2:41  Probe  
  27  2:51  Probe  
  27  2:53  Probe  
  28  3:02  Stalker  
  28  3:03  Probe  
  28  3:05  Probe  
  32  3:15  Probe, Robotics Facility  
  32  3:17  Probe, Gateway  
  32  3:19  Gateway  
  34  3:27  Probe  
  34  3:33  Pylon  
  35  3:45  Stalker  
  37  3:49  Probe  
  37  3:50  Probe  
  39  4:01  Probe  
  40  4:14  Stalker x2  
  44  4:18  Observer  
  44  4:22  Assimilator  
  45  4:25  Assimilator  
  45  4:27  Pylon  
  45  4:30  Pylon  
  45  4:34  Pylon  
  45  4:37  Probe  
  45  4:38  Probe  
  47  4:39  Immortal  
  47  4:42  Pylon  
  47  4:43  Stalker  
  53  4:46  Twilight Council  
  53  4:49  Probe  
  53  5:01  Stalker x2  
  53  5:10  Zealot  
  52  5:28  Zealot x2  
  42  5:34  Zealot  
  27  5:55  Zealot x2  
  27  5:56  Zealot  
Show
View Real Time Build Order
Export as new Build Order

翻斗花园牛爷爷 Terran - Winner!

Build Orders:  

Get SALT Encoding   

  12  0:00  SCV  
  13  0:12  SCV  
  14  0:17  Supply Depot  
  14  0:24  SCV  
  15  0:39  SCV  
  15  0:41  Barracks  
  16  0:50  Refinery  
  16  0:51  SCV  
  17  1:06  SCV  
  18  1:18  SCV  
  19  1:31  Supply Depot  
  19  1:32  Orbital Command  
  19  1:36  Barracks Reactor  
  19  1:41  Refinery  
  19  1:59  SCV  
  20  2:11  Factory  
  20  2:12  Marine x2  
  20  2:14  SCV  
  23  2:30  Marine  
  23  2:31  SCV  
  23  2:35  Supply Depot  
  23  2:36  Marine  
  26  2:43  SCV  
  27  2:48  Marine  
  28  2:54  Marine, Factory Tech Lab  
  28  2:55  SCV  
  28  2:56  Starport  
  30  3:01  Supply Depot  
  30  3:05  Marine  
  30  3:08  SCV  
  30  3:11  Marine  
  33  3:14  Siege Tank  
  36  3:23  SCV, Marine  
  36  3:24  Supply Depot  
  38  3:29  Marine  
  38  3:32  Medivac  
  41  3:40  SCV  
  42  3:41  Marine  
  42  3:46  Supply Depot  
  42  3:47  Marine  
  44  3:50  Siege Tank  
  47  3:59  Marine  
  48  4:05  Marine  
  48  4:09  Liberator  
  52  4:14  SCV  
  52  4:17  Marine  
  54  4:30  Marine, Siege Tank  
  58  4:34  Marine  
  59  5:02  Marine x2  
  59  5:04  Liberator  
  51  5:20  Marine x2  
  53  5:25  Siege Tank  
  52  5:37  Marine x2  
Tags
 
League
Gold
Matchup
PvT
Replay Pack
Multiplayer
Spawn Locations
Cross Positions
Add a new tag
Caveats
  • Supply blocks, unpowered buildings, or Contaminate may cause inaccurate times.
  • Supply counts are checked every 10 seconds.